 Dungeon Crawl Stone Soup version 0.28-a0-998-gb9e9c7b67e (webtiles) character file.

Game seed: 4627029818748517685

1066 27snakeeyes612 the Sneak (level 8, 0/36 HPs)
             Began as a Spriggan Enchanter on Dec 4, 2021.
             Was an Initiate of Dithmenos.
             Slain by a gnoll (8 damage)
             ... on level 6 of the Dungeon on Dec 6, 2021.
             The game lasted 00:26:52 (7042 turns).

27snakeeyes612 the Sneak (Spriggan Enchanter)       Turns: 7042, Time: 00:26:52

Health: 0/36       AC:  3    Str:  4    XL:     8   Next: 7%
Magic:  2/17       EV: 24    Int: 17    God:    Dithmenos [......]
Gold:   280        SH:  0    Dex: 17    Spells: 13/18 levels left

rFire   . . .      SeeInvis +   n - +1 rapier
rCold   . . .      Faith    .   (shield restricted)
rNeg    . . .      Spirit   .   b - +1 robe
rPois   .          Reflect  .   (helmet restricted)
rElec   .          Harm     .   (no cloak)
rCorr   .          Rampage  .   (gloves unavailable)
Will    ++...                   (boots unavailable)
Stlth   ++++......              (no amulet)
HPRegen 0.12/turn               g - +4 ring of evasion
MPRegen 0.15/turn               j - ring of willpower

@: very quick
A: very small, no large weapons, unfitting armour, see invisible, speed 3
a: Renounce Religion


You were on level 6 of the Dungeon.
You worshipped Dithmenos.
Dithmenos was noncommittal.
You visited 2 branches of the dungeon, and saw 7 of its levels.
You also visited: Sewer.

You collected 280 gold pieces.

Inventory:

Hand Weapons
 a - a +1 dagger
 d - a +0 short sword
 e - a +0 hunting sling
 n - a +1 rapier (weapon)
 o - a +1 dagger of speed
Missiles
 s - 2 curare-tipped darts
Armour
 b - a +1 robe (worn)
Jewellery
 g - a +4 ring of evasion (left hand)
 j - a ring of willpower (right hand)
 l - a ring of willpower
Scrolls
 p - a scroll of blinking
 q - a scroll of enchant armour
Potions
 c - a potion of invisibility
 f - 2 potions of curing
 h - a potion of flight {unknown}
 i - a potion of degeneration {unknown}
 k - a potion of attraction {unknown}
 m - a potion of haste {unknown}
 r - a potion of ambrosia {unknown}
 t - 2 potions of brilliance {unknown}


   Skills:
 + Level 4.6 Short Blades
 + Level 6.1 Dodging
 + Level 7.7 Stealth
 + Level 5.6 Spellcasting
 + Level 6.3 Hexes


You had 13 spell levels left.
You knew the following spells:

 Your Spells              Type           Power      Damage    Failure   Level
a - Ensorcelled Hibernat  Hex/Ice        30%        N/A       5%          2
b - Confusing Touch       Hex            26%        N/A       3%          3

Your spell library contained the following spells:

 Spells                   Type           Power      Damage    Failure   Level
 Tukima's Dance           Hex            26%        N/A       3%          3
 Dazzling Flash           Conj/Hex       30%        N/A       11%         3
 Conjure Flame            Conj/Fire      4%         6-21      38%         3
 Gell's Gravitas          Tloc           4%         N/A       38%         3
 Ignite Poison            Fire/Tmut/Pois 4%         N/A       38%         3
 Lesser Beckoning         Tloc           4%         N/A       38%         3
 Ozocubu's Armour         Ice            4%         N/A       38%         3
 Teleport Other           Tloc           4%         N/A       38%         3
 Sticky Flame             Conj/Fire      4%         2d3       80%         4
 Ozocubu's Refrigeration  Ice            2%         4d5       100%        7


Dungeon Overview and Level Annotations

Branches:
Dungeon (6/15)             Temple (1/1) D:6           Sewer (visited)

Altars:
Ashenzari
Cheibriados
Dithmenos
Elyvilon
Fedhas
Gozag
Hepliaklqana
Kikubaaqudgha
Makhleb
Nemelex Xobeh
Okawaru
Qazlal
Ru
Sif Muna
Trog
Uskayaw
Vehumet
Wu Jian
Xom
Yredelemnul
The Shining One

Shops:
D:1 ?   D:3 *   D:6 :


Innate Abilities, Weirdness & Mutations

You are very small and have problems with some larger weapons.
You are too small for most types of armour.
You have supernaturally acute eyesight. (SInv)
You cover ground extremely quickly. (Speed+++)


Message History

Casting: Ensorcelled Hibernation (safe; 5% risk of failure)
Confirm with . or Enter, or press ? or * to list all spells.
Aiming: Ensorcelled Hibernation (safe; 5% risk of failure)
Press: ? - help, Shift-Dir - straight line, f - gnoll
Aim: a gnoll, wielding a +0 club (chance to affect: 54%)
The gnoll resists with significant effort.
The gnoll misses you. x2; The gnoll completely misses you.
You hit the gnoll.
The gnoll is lightly wounded.
The gnoll barely misses you. The gnoll closely misses you.
You barely miss the gnoll.
The gnoll is lightly wounded.
The gnoll closely misses you. The gnoll barely misses you.
You hit the gnoll.
The gnoll is lightly wounded.
The gnoll completely misses you. The gnoll closely misses you.
The gnoll misses you.
You hit the gnoll.
The gnoll is moderately wounded.
The gnoll closely misses you. The gnoll barely misses you.
You hit the gnoll but do no damage.
The gnoll is moderately wounded.
The gnoll hits you but does no damage. The gnoll completely misses you.
You hit the gnoll but do no damage.
The gnoll is moderately wounded.
The gnoll barely misses you. The gnoll completely misses you.
You hit the gnoll.
The gnoll is severely wounded.
The gnoll hits you from afar with a +0 spear of freezing.
The gnoll freezes you. The gnoll hits you with a +0 club.
* * * LOW HITPOINT WARNING * * *
The gnoll completely misses you.
You hit the gnoll.
The gnoll is severely wounded.
The gnoll misses you. The gnoll completely misses you.
You barely miss the gnoll.
The gnoll is severely wounded.
The gnoll hits you but does no damage. The gnoll completely misses you.
The gnoll hits you from afar with a +0 spear of freezing!
You die...

# #.. #.#..# .#..# .# ###
.... .# #.. ##..# .# #.#
#.... #.# #.#### #.#.###.##
#....# # #.....∩..# #....#
#.. ###@#..#.####....#
#....######g##.#..##....†+
.....g).>..g##.##.##.##..##
............#.........#.....
.g..g.g.....................
#...........#..⌠...⌠..###.##
............#.........###.#
.................>......#.#
....#######.#.........#...#


You could see 2 gnolls.

Vanquished Creatures
  A kobold brigand (D:5)
  A bullfrog (Sewer)
  4 scorpions
  A water moccasin zombie (D:5)
  A water moccasin skeleton (D:6)
  3 hounds (D:4)
  A centaur zombie (D:6)
  2 jellies
  A gnoll shaman (D:6)
  An orc priest (D:3)
  An iguana (D:4)
  Jessica (D:2)
  3 orc wizards
  4 adders
  5 gnolls (D:6)
  A white imp (D:5)
  3 dart slugs
  9 orcs
  4 bats
  11 endoplasms
  10 giant cockroaches
  3 goblins
  6 hobgoblins
  6 jackals
  10 quokkas
  17 ball pythons
  7 frilled lizards (Sewer)
  8 kobolds
  A quokka skeleton (D:4)
  8 rats
134 creatures vanquished.

Notes
Turn   | Place    | Note
-------+----------+-------------------------------------------
     0 | D:1      | 27snakeeyes612 the Spriggan Enchanter began the quest for
                  | the Orb.
     0 | D:1      | Reached XP level 1. HP: 9/9 MP: 5/5
   596 | D:1      | Found Niuhud's Magic Scroll Shop.
   683 | D:1      | Reached XP level 2. HP: 9/13 MP: 6/6
   686 | D:1      | Learned a level 2 spell: Ensorcelled Hibernation
  1646 | D:2      | Found a hazy altar of Hepliaklqana.
  1738 | D:2      | Noticed Jessica
  1760 | D:2      | Killed Jessica
  1761 | D:2      | Reached XP level 3. HP: 16/16 MP: 0/8
  1878 | D:2      | Reached skill level 5 in Stealth
  2006 | D:2      | Reached XP level 4. HP: 21/21 MP: 4/9
  2189 | D:3      | Found Bostopn's Assorted Antiques.
  2953 | D:4      | Reached XP level 5. HP: 16/24 MP: 1/11
  3692 | D:3      | Reached skill level 6 in Stealth
  3692 | D:3      | Reached skill level 5 in Hexes
  3692 | D:3      | Reached XP level 6. HP: 20/28 MP: 3/13
  3935 | D:5      | Entered Level 5 of the Dungeon
  3940 | D:5      | Found a glowing drain.
  3964 | Sewer    | Entered a sewer
  5247 | D:5      | Reached skill level 5 in Dodging
  5247 | D:5      | Reached XP level 7. HP: 32/32 MP: 7/15
  5393 | D:5      | Learned a level 3 spell: Confusing Touch
  5396 | D:5      | Found the +2 hat of the Bear Spirit {Spirit, *Rage Will++}
  5671 | D:5      | Reached skill level 7 in Stealth
  5671 | D:5      | Reached skill level 5 in Spellcasting
  5688 | D:5      | Found an ornate altar of the Wu Jian Council.
  6628 | D:6      | Upgraded the game from 0.28-a0-987-g8383568036 to
                  | 0.28-a0-998-gb9e9c7b67e
  6698 | D:6      | Found a staircase to the Ecumenical Temple.
  6724 | Temple   | Entered the Ecumenical Temple
  6935 | Temple   | Became a worshipper of Dithmenos the Shadowed
  6991 | D:6      | Reached XP level 8. HP: 36/36 MP: 17/17
  6999 | D:6      | Found Pog Emest's Book Boutique.
  7042 | D:6      | Slain by a gnoll

Illustrated notes

Levels and vault maps discovered:
D:1:      dpeg_arrival_boxes_within_box, layout_basic, serial_shops,
          shop_fountains
D:2:      layout_rooms, basic_altar, uniq_jessica
D:3:      layout_basic, serial_shops, shop
D:4:      layout_loops_ring
D:5:      layout_basic, nicolae_wu_jian_wuxing_cycle,
          cheibrodos_sewer_entry_drain
D:6:      layout_basic, minmay_temple_entry_large_hall, serial_rivers,
          chequers_serial_rivers_micro_c, chequers_serial_rivers_micro_e,
          chequers_serial_rivers_room_b, chequers_serial_rivers_room_a,
          serial_shops, shop
Temple:   mainiacjoe_temple_archimedes_tessellation

Skill      XL: |  1  2  3  4  5  6  7 |
---------------+----------------------+-----
Hexes          | 4 5 6 |  6.3
Dodging        | 3 4 5 6 |  6.1
Spellcasting   | 3 4 5 |  5.6
Stealth        | 5 6 7 |  7.7
Short Blades   | 2 3 4 |  4.6

Action                   |  1- 3 |  4- 6 |  7- 9 || total
-------------------------+-------+-------+-------++-------
Melee: Short sword       |    65 |    53 |       ||   118
       Dagger            |     6 |       |       ||     6
       Rapier            |       |   125 |    63 ||   188
 Cast: Ensorcelled Hiber |    18 |   109 |    29 ||   156
       Confusing Touch   |       |       |     7 ||     7
  Use: Scroll            |     3 |     5 |     1 ||     9
       Potion            |       |       |     1 ||     1
 Stab: Sleeping          |    13 |    61 |    18 ||    92
       Confused          |       |       |     8 ||     8
Armor: Robe              |    14 |    20 |     5 ||    39
Dodge: Dodged            |    68 |   245 |    68 ||   381

Table legend: (Time is in decaauts)
 A = Elapsed time spent in this place.
 B = Non-inter-level travel time spent in this place.
 C = Inter-level travel time spent in this place.
 D = Time resting spent in this place.
 E = Time spent auto-exploring this place.
 F = Levels seen in this place.
 G = Mean time per level.
                   A        B        C        D        E       F      G
               +--------+--------+--------+--------+--------+-----+--------+
         Total |   5673 |   5553 |    120 |   2677 |    117 |   8 |  709.1 |
       Dungeon |   4251 |   4131 |    120 |   1883 |     15 |   6 |  708.5 |
        Temple |    155 |    155 |      0 |      0 |    102 |   1 |  155.0 |
         Sewer |   1266 |   1266 |      0 |    794 |      0 |   1 | 1266.0 |
               +--------+--------+--------+--------+--------+-----+--------+

Top non-repeatable levels by time:
   Sewer: 1266 daAuts
     D:1: 1089 daAuts
     D:5: 912 daAuts
     D:4: 771 daAuts
     D:2: 594 daAuts
     D:3: 560 daAuts
     D:6: 324 daAuts
  Temple: 155 daAuts
